Unix NetHack Version 5.0.0-0 post-release - last build May 31 2026 23:59:36 (970b52f25bf058293b47ddfd14a1e40e571c508c,branch:main).

Game began 2026-06-04 01:46:20, ended 2026-06-04 04:15:08.

Enkindle23, lawful female dwarven Archeologist

         -------------
         |...........|   ########                                  -----
         |..........>|   #.?....#                 ------------     |...|
         |...........|   #......#       -----     |..........|     |...|
         |...........|   #({.....##     |...|#####-..........|     |...|
        #-...........|   ####...# #     |....#    |..........|     |...-#
        #.-----.------      #.{.# ##### |....     |..........|    #....|#
        #      #####        #...#     # |...|     ----.-------    #|...|#
        #          #####    ##|##     ##@...|         #           #-----#
        #              #     ##       # --.--         #         ###     #
        #              #     #        #   #           #        ##     ###
       +#             ########       ##   #           ###     ##      #-----
              --------|--.--#       #`                --|-----#       #|...|
              |............|#       #                 |......|#       #|...|
              |............|#  ######                 |....{.-#       #....|
              |............|#######`##################.......|         |...|
              |.<...........###                       --------         -----
              --------------

Enkindle23 the Digger      St:14 Dx:10 Co:14 In:16 Wi:15 Ch:7  Lawful
Dlvl:3  $:46 HP:17(27) Pw:7(7) AC:9  Xp:2 T:842 

Latest messages:
 You hit the lichen.
 You kill the lichen!  Welcome to experience level 2.
 You see here a lichen corpse.
 You learn more about your items by comparing them.  l - an uncursed lichen corpse (2 in total).
 You hear someone cursing shoplifters.
 You climb up the stairs.
 Really step into that hole? [yn] (n) y
 You escape your hole.
 You climb up the stairs.
 Really step into that hole? [yn] (n) y
 There's a gaping hole under you!
 You climb up the stairs.
 Really step into that hole? [yn] (n) y
 There's a gaping hole under you!
 You hit the giant rat.  The giant rat bites!
 You miss the giant rat.
 You kill the giant rat!
 You hit the giant rat.
 You miss the giant rat.  The giant rat bites!
 You kill the giant rat!
 Restoring save file...
 Hello Enkindle23, the dwarven Archeologist, welcome back to NetHack!
 There appears to be no shopkeeper here to receive your payment.
 You begin bashing monsters with your pick-axe.
 You miss the acid blob.
 You kill the acid blob!
 You are splashed by the acid blob's acid!
 Your pick-axe corrodes!
 There is an open door here.
 You see here an orange potion.
 i - an orange potion.
 Really quit without saving? [yn] (n) y
 Do you want your possessions identified? [ynq] (y) y
 Do you want to see your attributes? [ynq] (y) y
 Do you want an account of creatures vanquished? [ynaq] (y) y
 Do you want to see your conduct and achievements? [ynq] (y) y
 Do you want to see the dungeon overview? [ynq] (y) y

Inventory:
 Coins    ('$')
  $ - 46 gold pieces
 Weapons  (')')
  a - a +2 bullwhip (alternate weapon; not wielded)
 Armor    ('[')
  c - a blessed +0 fedora (being worn)
  b - an uncursed +0 leather jacket (being worn)
 Comestibles  ('%')
  m - an uncursed cram ration
  d - 4 uncursed food rations
  o - an uncursed tripe ration
  l - 2 uncursed lichen corpses
 Scrolls  ('?')
  k - a blessed scroll of identify
 Spellbooks  ('+')
  n - an uncursed spellbook of confuse monster
 Potions  ('!')
  i - an uncursed potion of gain energy
  p - an uncursed potion of see invisible
 Tools    ('(')
  h - an empty uncursed sack
  e - a corroded +0 pick-axe (weapon in right hand)
  f - a tinning kit (0:88)
 Gems/Stones  ('*')
  j - an uncursed worthless piece of green glass
  g - an uncursed touchstone

Enkindle23 the Archeologist's attributes:

Background:
 You were a Digger, a level 2 female dwarven Archeologist.
 You were lawful, on a mission for Quetzalcoatl
 who was opposed by Camaxtli (neutral) and Huhetotl (chaotic).
 You were right-handed.
 You were in the Dungeons of Doom, on level 3.
 You entered the dungeon 842 turns ago.
 It was nighttime.
 You had 31 experience points, 9 more were needed to attain level 3.

Basics:
 You had 17 out of 27 hit points.
 You had all 7 energy points (spell power).
 Your armor class was 9.
 Your wallet contained 46 zorkmids.
 Autopickup was off.

Final Characteristics:
 Your strength was 14 (limit:18/100).
 Your dexterity was 10 (limit:20).
 Your constitution was 14 (limit:20).
 Your intelligence was 16 (limit:16).
 Your wisdom was 15 (limit:16).
 Your charisma was 7 (limit:16).

Final Status:
 You weren't hungry.
 You were unencumbered.
 You were wielding a pick-axe.
 You had basic skill with pick-axe.

Final Attributes:
 You were devoutly aligned.
 You had automatic searching.
 You had infravision.
 You were lucky.
 You survived.

Miscellaneous:
 You didn't encounter any bones levels.
 Total elapsed playing time was 20 minutes and 4 seconds.

Major events:
 Turn
    1: Enkindle23 the lawful female dwarven Archeologist entered the dungeon
  112: entered the Gnomish Mines
  842: quit

You didn't know any spells.

Skills:
 Fighting Skills
   bare handed combat [Unskilled]
   two weapon combat  [Unskilled]
   riding             [Unskilled]
 Weapon Skills
   dagger             [Unskilled]
   knife              [Unskilled]
   pick-axe           [Basic]
   short sword        [Unskilled]
   saber              [Unskilled]
   club               [Unskilled]
   quarterstaff       [Unskilled]
   sling              [Unskilled]
   dart               [Unskilled]
   boomerang          [Unskilled]
   whip               [Basic]
   unicorn horn       [Unskilled]
 Spellcasting Skills
   attack spells      [Unskilled]
   healing spells     [Unskilled]
   divination spells  [Unskilled]
   matter spells      [Unskilled]

Voluntary challenges:
 Character rerolling was not enabled.
 You never genocided any monsters.
 You never polymorphed an object.
 You never changed form.
 You used no wishes.
Achievement:
 You entered the Gnomish Mines.

 The Dungeons of Doom: levels 1 to 4
    Level 1:
    Level 2:
       An altar, a fountain.
       Stairs down to The Gnomish Mines.
    Level 3: <- You were here.
       Many fountains, many trees.
    Level 4:
 The Gnomish Mines: levels 3 to 6
    Level 3:
    Level 5:
    Level 6:


Vanquished creatures:
 an acid blob
  4 giant rats
  3 gnomes
  a gnome zombie
  a gecko
  2 jackals
  a fox
  3 sewer rats
  2 lichens
  a kobold zombie
  a newt
20 creatures vanquished.

No species were genocided or became extinct.

Goodbye Enkindle23 the Archeologist...

You quit in The Dungeons of Doom on dungeon level 3 with 430 points,
and 46 pieces of gold, after 842 moves.
You were level 2 with a maximum of 27 hit points when you quit.

